 Dungeon Crawl Stone Soup version 0.31.0-32-g396128a36d (webtiles) character file.

Game seed: 17175520294056560659

282 monsoonserge the Ruffian (level 6, -1/47 HPs)
             Began as a Gnoll Shapeshifter on Apr 2, 2024.
             Incinerated by a bombardier beetle (3 damage)
             ... with a burning spray
             ... on level 3 of the Dungeon.
             The game lasted 00:04:30 (1888 turns).

monsoonserge the Ruffian (Gnoll Shapeshifter)       Turns: 1888, Time: 00:04:31

Health: -1/47      AC:  5    Str: 15    XL:     6   Next: 28%
Magic:  8/9        EV: 12    Int: 10    God:
Gold:   168        SH:  0    Dex: 11    Spells: 9/9 levels left

rFire   . .          .
                       - Unarmed
rCold   . . .        (no shield)
rNeg    . . .        f - +0 ring mail
rPois   .            (helmet currently unavailable)
rElec   .            (cloak currently unavailable)
rCorr   .            (gloves currently unavailable)
SInv    .            (boots currently unavailable)
Will    .....        (no amulet)
Stlth   +            (no ring)
HPRegen 0.27/turn    (no ring)
MPRegen 0.11/turn

%: no passive effects
@: on fire, beast-form, glowing
A: beast (slay +3), fangs 1, strong nose, distributed training
a: Begin Untransformation


You were on level 3 of the Dungeon.
You were a hulking beast.
You visited 1 branch of the dungeon, and saw 3 of its levels.

You collected 168 gold pieces.

Inventory:

Missiles
 m - 3 poisoned darts (quivered)
Armour
 a - a +0 animal skin
 f - a +0 ring mail (worn)
 g - a +0 leather armour
 j - a +0 scale mail
Talismans
 c - a beast talisman
 d - a flux talisman
Wands
 e - a wand of flame (14)
 s - a wand of quicksilver (14)
Scrolls
 b - a scroll of enchant armour {unknown}
 i - a scroll of fear {unknown}
 k - a scroll of vulnerability {unknown}
 l - a scroll of fog {unknown}
 n - 2 scrolls of identify {unknown}
 p - a scroll of teleportation {unknown}
 q - a scroll of immolation {unknown}
 r - 2 scrolls of enchant weapon {unknown}
Potions
 h - 2 potions of heal wounds {unknown}
 o - a potion of magic {unknown}


   Skills:
 + Level 3.2 Fighting
 + Level 2.0 Short Blades
 + Level 2.0 Long Blades
 + Level 2.0 Axes
 + Level 2.0 Maces & Flails
 + Level 2.0 Polearms
 + Level 2.0 Staves
 + Level 2.0 Ranged Weapons
 + Level 2.0 Throwing
 + Level 2.0 Armour
 + Level 5.0 Dodging
 + Level 2.0 Stealth
 + Level 2.0 Shields
 + Level 6.8 Unarmed Combat
 + Level 2.0 Spellcasting
 + Level 1.5 Conjurations
 + Level 1.5 Hexes
 + Level 1.5 Summonings
 + Level 1.5 Necromancy
 + Level 1.5 Translocations
 + Level 1.5 Fire Magic
 + Level 1.5 Ice Magic
 + Level 1.5 Air Magic
 + Level 1.5 Earth Magic
 + Level 1.5 Alchemy
 + Level 2.1 Invocations
 + Level 2.0 Evocations
 + Level 6.7 Shapeshifting


You had 9 spell levels left.
You didn't know any spells.
Your spell library contained the following spells:

 Spells                   Type           Power      Damage    Failure   Level
 Apportation              Tloc           8%         N/A       32%         1
 Necrotise                Necr           16%        1d4       32%         1
 Sting                    Conj/Alch      16%        1d4       32%         1
 Summon Small Mammal      Summ           16%        N/A       32%         1
 Ozocubu's Armour         Ice            4%         N/A       67%         3
 Metabolic Englaciation   Hex/Ice        2%         N/A       100%        5
 Sculpt Simulacrum        Ice/Alch       2%         N/A       100%        6


Dungeon Overview and Level Annotations

Branches:
Dungeon (3/15)

Altars:
Nemelex Xobeh


Innate Abilities, Weirdness & Mutations

You are a hulking beast.
Your limbs bulge with bestial killing power. (Slay +3)
You have very sharp teeth.
Your uncanny sense of smell can sniff out nearby items.
Your experience applies equally to all skills.


Message History

You punch the bombardier beetle!
You kill the bombardier beetle!
The liquid fire burns you!
Your Short Blades skill increases to level 2!
Your Long Blades skill increases to level 2!
Your Axes skill increases to level 2!
Your Maces & Flails skill increases to level 2!
Your Polearms skill increases to level 2!
Your Staves skill increases to level 2!
Your Ranged Weapons skill increases to level 2!
Your Throwing skill increases to level 2!
Your Armour skill increases to level 2!
Your Dodging skill increases to level 5!
Your Stealth skill increases to level 2!
Your Shields skill increases to level 2!
Your Spellcasting skill increases to level 2!
Your Evocations skill increases to level 2!
Unknown command.
You shake off some of the fire as you move.
The liquid fire burns you!
You see here a bombardier beetle corpse.
You barely miss the rat. You bite the rat, but do no damage.
The liquid fire burns you! The rat barely misses you.
You closely miss the rat. The liquid fire burns you!
* * * LOW HITPOINT WARNING * * *
The rat bites you.
* * * LOW HITPOINT WARNING * * *
You closely miss the rat. The liquid fire burns you!
* * * LOW HITPOINT WARNING * * *
You hit the rat.
You kill the rat!
The liquid fire burns you!
* * * LOW HITPOINT WARNING * * *
Unknown command.
You shake off some of the fire as you move.
The liquid fire burns you!
You die...

#.#####....###.....†........#
#.# ###..# #.##...........#
#.# #..# #. #...........# ..#
...# #. #.(.........# ###
##.###.##.###########
#......#'#######
####..........# #..........#
#††h)>.....#
.......#........#
∆.♣...♣..........#
...#....♣.......# .♣
..♣.....###### ....#.#..
#.#.. . ..# ....♣ ♣.#


There were no monsters in sight!

Vanquished Creatures
  A bombardier beetle (D:3)
  2 orc priests (D:3)
  Natasha (thrice) (D:2)
  Terence (D:2)
  4 adders
  A ribbon worm (D:2)
  3 orcs (D:3)
  7 endoplasms
  3 giant cockroaches
  4 goblins
  4 hobgoblins
  2 quokkas
  4 ball pythons
  2 bats (D:1)
  A frilled lizard (D:2)
  6 kobolds
  4 rats
52 creatures vanquished.

Notes
Turn   | Place    | Note
-------+----------+-------------------------------------------
     0 | D:1      | monsoonserge the Gnoll Shapeshifter began the quest for the
                  | Orb.
     0 | D:1      | Reached XP level 1. HP: 17/17 MP: 1/1
   222 | D:1      | Reached XP level 2. HP: 23/23 MP: 2/2
   749 | D:2      | Reached XP level 3. HP: 20/28 MP: 2/4
   774 | D:2      | Noticed Terence
   782 | D:2      | Killed Terence
   783 | D:2      | Reached skill level 1 in Short Blades
   783 | D:2      | Reached skill level 1 in Long Blades
   783 | D:2      | Reached skill level 1 in Axes
   783 | D:2      | Reached skill level 1 in Maces & Flails
   783 | D:2      | Reached skill level 1 in Polearms
   783 | D:2      | Reached skill level 1 in Staves
   783 | D:2      | Reached skill level 1 in Ranged Weapons
   783 | D:2      | Reached skill level 1 in Throwing
   783 | D:2      | Reached skill level 1 in Armour
   783 | D:2      | Reached skill level 1 in Stealth
   783 | D:2      | Reached skill level 1 in Shields
   783 | D:2      | Reached skill level 1 in Spellcasting
   783 | D:2      | Reached skill level 1 in Invocations
   783 | D:2      | Reached skill level 1 in Evocations
   793 | D:2      | Found a faded altar of an unknown god.
   869 | D:2      | Reached XP level 4. HP: 34/34 MP: 5/5
   950 | D:2      | Noticed Natasha
   963 | D:2      | Killed Natasha
   964 | D:2      | Reached skill level 1 in Conjurations
   964 | D:2      | Reached skill level 1 in Hexes
   964 | D:2      | Reached skill level 1 in Summonings
   964 | D:2      | Reached skill level 1 in Necromancy
   964 | D:2      | Reached skill level 1 in Translocations
   964 | D:2      | Reached skill level 1 in Fire Magic
   964 | D:2      | Reached skill level 1 in Ice Magic
   964 | D:2      | Reached skill level 1 in Air Magic
   964 | D:2      | Reached skill level 1 in Earth Magic
   964 | D:2      | Reached skill level 1 in Alchemy
  1051 | D:2      | Noticed Natasha
  1061 | D:2      | Killed Natasha
  1062 | D:2      | Reached XP level 5. HP: 15/40 MP: 5/7
  1275 | D:2      | Noticed Natasha
  1283 | D:2      | Killed Natasha
  1633 | D:3      | Found a sparkling altar of Nemelex Xobeh.
  1666 | D:3      | Reached XP level 6. HP: 33/47 MP: 8/8
  1883 | D:3      | Reached skill level 5 in Dodging
  1887 | D:3      | HP: 2/47 [burnt (3)]
  1888 | D:3      | Incinerated by a bombardier beetle

Illustrated notes

Levels and vault maps discovered:
D:1:      dpeg_arrival_simpleton_a, layout_basic
D:2:      layout_loops_ring, ebering_ecumenical_altar_petrified, uniq_natasha,
          uniq_terence
D:3:      layout_basic, nemelex_spade_bored_becter, minmay_misc_feat_roman,
          nicolae_kite_square_tiling_tiny

Skill      XL: |  1  2  3  4  5  6 |
---------------+-------------------+-----
Short Blades   | 1 2 |  2.0
Long Blades    | 1 2 |  2.0
Axes           | 1 2 |  2.0
Maces & Flails | 1 2 |  2.0
Polearms       | 1 2 |  2.0
Staves         | 1 2 |  2.0
Ranged Weapons | 1 2 |  2.0
Throwing       | 1 2 |  2.0
Armour         | 1 2 |  2.0
Stealth        | 1 2 |  2.0
Shields        | 1 2 |  2.0
Spellcasting   | 1 2 |  2.0
Invocations    | 1 2 |  2.1
Evocations     | 1 2 |  2.0
Conjurations   | 1 |  1.5
Hexes          | 1 |  1.5
Summonings     | 1 |  1.5
Necromancy     | 1 |  1.5
Translocations | 1 |  1.5
Fire Magic     | 1 |  1.5
Ice Magic      | 1 |  1.5
Air Magic      | 1 |  1.5
Earth Magic    | 1 |  1.5
Alchemy        | 1 |  1.5
Fighting       | 3 |  3.2
Dodging        | 5 |  5.0
Unarmed Combat | |  6.8
Shapeshifting  | |  6.7

Action                     |  1- 3 |  4- 6 || total
---------------------------+-------+-------++-------
  Melee: Unarmed           |    46 |    71 ||   117
         Punch             |       |     3 ||     3
         Bite              |       |     1 ||     1
  Throw: Dart              |     4 |     8 ||    12
    Use: Potion            |       |     1 ||     1
 Armour: Ring mail         |    12 |    35 ||    47
         Scale mail        |    19 |       ||    19
         Skin              |       |    13 ||    13
  Dodge: Dodged            |    27 |    33 ||    60
